 Dungeon Crawl Stone Soup version 0.23.2-1-ga50397a (webtiles) character file.

Game seed: 5227816624062321162

71 dvd the Firebug (level 4, -1/24 HPs)
             Began as a Deep Elf Fire Elementalist on May 23, 2019.
             Slain by a jackal (3 damage)
             ... on level 2 of the Dungeon.
             The game lasted 00:02:28 (1325 turns).

dvd the Firebug (Deep Elf Fire Elementalist)        Turns: 1325, Time: 00:02:28

Health: -1/24      AC:  2    Str:  5    XL:     4   Next: 5%
Magic:  1/11       EV: 12    Int: 21    God:
Gold:   68         SH:  1    Dex: 15    Spells: 7/10 levels left

rFire    . . .     SeeInvis .   (no weapon)
rCold    . . .     Gourm    .   g - -2 buckler (curse)
rNeg     . . .     Faith    .   a - +0 robe
rPois    .         Spirit   .   (no helmet)
rElec    .         Reflect  .   (no cloak)
rCorr    .         Harm     .   (no gloves)
MR       .....                  (no boots)
Stlth    ++........             (no amulet)
HPRegen  0.08/turn              (no ring)
MPRegen  0.12/turn              (no ring)

@: very slightly contaminated
A: no striking features
a: no special abilities


You were on level 2 of the Dungeon.
You were not hungry.

You visited 1 branch of the dungeon, and saw 2 of its levels.

You collected 68 gold pieces.

Inventory:

Hand Weapons
 j - a +0 dagger
Armour
 a - a +0 robe (worn)
 g - a cursed -2 buckler (worn)
Scrolls
 e - 4 scrolls of remove curse {unknown}
 h - 2 scrolls of teleportation {unknown}
 i - a scroll of enchant weapon {unknown}
Potions
 b - 4 potions of curing {unknown}
 f - a potion of magic {unknown}
Comestibles
 c - 2 rations
 d - 2 chunks of flesh


   Skills:
 + Level 2.6 Dodging
 + Level 2.6 Stealth
 + Level 3.8 Spellcasting
 + Level 2.0 Conjurations
 * Level 4.5 Fire Magic


You had 7 spell levels left.
You knew the following spells:

 Your Spells              Type           Power        Failure   Level  Hunger
a - Flame Tongue          Conj/Fire      ###..        5%          1    None
b - Throw Flame           Conj/Fire      ###...       8%          2    #......

Your spell library contained the following spells:

 Spells                   Type           Power        Failure   Level  Hunger
 Conjure Flame            Conj/Fire      ###.....     16%         3    ###....
 Inner Flame              Hex/Fire       ##......     24%         3    ###....
 Sticky Flame             Conj/Fire      ###.....     45%         4    ####...
 Fireball                 Conj/Fire      ###.......   82%         5    ######.


Dungeon Overview and Level Annotations

Branches:
Dungeon (2/15)

Altars:


Message History

* * * LOW HITPOINT WARNING * * *
The jackal bites you.
* * * LOW HITPOINT WARNING * * *
Casting: Flame Tongue (safe; 5% risk of failure)
Confirm with . or Enter, or press ? or * to list all spells.
Aiming: Flame Tongue (safe; 5% risk of failure)
Press: ? - help, Shift-Dir - straight line, f - jackal
Aim: a jackal The flame tongue misses the jackal.
The jackal bites you.
* * * LOW HITPOINT WARNING * * *
Unknown command.
Really attack barehanded?
Okay, then.
Unknown command.
Unknown command.
An ooze comes into view.
The jackal barely misses you.
The jackal bites you but does no damage.
The jackal bites you.
You die...

.# ##................# .#
....................#
.#.....#.##.#..............##
.#.....#.##.#.###..รท.).......
.#.....#.##.#.# #..........##
.#.....#.##.#.# #..........#
.#.....#.##.#.# #..........#
.#.....#.##.#.###h.........#
##.....#........@..........#
...........................#
##.....##.......<#.####.####
#.....##....#####.# ..#
#.#........... ..# .#
#.#.####....####### .. .....
........ #............##
.........#####


You could see a jackal.

Vanquished Creatures
  A worker ant (D:2)
  An adder (D:2)
  An ooze (D:1)
  2 dart slugs (D:1)
  2 leopard geckos (D:1)
  7 bats
  A giant cockroach (D:1)
  2 hobgoblins
  A jackal (D:2)
  3 frilled lizards (D:1)
  4 goblins
  4 kobolds (D:1)
  4 rats (D:1)
33 creatures vanquished.

Notes
Turn   | Place    | Note
-------+----------+-------------------------------------------
     0 | D:1      | dvd the Deep Elf Fire Elementalist began the quest for the
                  | Orb.
     0 | D:1      | Reached XP level 1. HP: 10/10 MP: 6/6
   281 | D:1      | Reached XP level 2. HP: 15/15 MP: 5/8
   498 | D:1      | Learned a level 2 spell: Throw Flame
   685 | D:1      | Reached skill level 4 in Fire Magic
   909 | D:1      | Reached XP level 3. HP: 19/19 MP: 6/10
  1315 | D:2      | Reached XP level 4. HP: 10/24 MP: 1/11
  1318 | D:2      | HP: 1/24 [jackal (3)]
  1325 | D:2      | Slain by a jackal

Skill      XL: |  1  2  3 |
---------------+----------+-----
Fire Magic     | 4 |  4.5
Conjurations   | 2 |  2.0
Dodging        | |  2.6
Stealth        | |  2.6
Spellcasting   | |  3.8

Action                   |  1- 3 |  4- 6 || total
-------------------------+-------+-------++-------
 Cast: Flame Tongue      |    53 |     3 ||    56
  Eat: Chunk             |     1 |       ||     1
Armor: Robe              |     2 |     2 ||     4
Dodge: Dodged            |     9 |     1 ||    10
